 Dungeon Crawl Stone Soup version 0.29.1-15-g9cfb28693d (webtiles) character file.

Game seed: 14551764715548697068

36 SgtChris the Shooter (level 3, -1/30 HPs)
             Began as a Draconian Hunter on Mar 4, 2023.
             Was an Initiate of Hepliaklqana.
             Slain by Terence
             ... wielding a +0 flail
              (6 damage)
             ... on level 2 of the Dungeon.
             The game lasted 00:04:41 (704 turns).

SgtChris the Shooter (Draconian Hunter)              Turns: 704, Time: 00:04:41

Health: -1/30      AC:  5    Str: 13    XL:     3   Next: 19%
Magic:  3/3        EV: 12    Int: 11    God:    Hepliaklqana [......]
Gold:   36         SH:  0    Dex: 14    Spells: 0/2 levels left

rFire   . . .      SeeInvis +   a - +0 shortbow
rCold   . . .      Faith    .   (shield currently unavailable)
rNeg    . . .      Spirit   .   (body armour unavailable)
rPois   .          Reflect  .   (helmet restricted)
rElec   .          Harm     .   (no cloak)
rCorr   .          Rampage  .   (no gloves)
Will    .....                   (no boots)
Stlth   ++........              (no amulet)
HPRegen 0.10/turn               d - ring of see invisible
MPRegen 0.08/turn               (no ring)

@: no status effects
A: AC +5, unfitting armour, cold-blooded
a: Renounce Religion


You were on level 2 of the Dungeon.
You worshipped Hepliaklqana.
Hepliaklqana was noncommittal.
You visited 1 branch of the dungeon, and saw 2 of its levels.

You collected 36 gold pieces.

Inventory:

Hand Weapons
 a - a +0 shortbow (weapon)
Missiles
 f - 6 curare-tipped darts
Jewellery
 d - a ring of see invisible (left hand)
Scrolls
 b - a scroll of immolation


   Skills:
 * Level 2.4 Fighting
 * Level 4.2 Ranged Weapons
 * Level 0.1 Throwing
 * Level 1.8 Dodging
 * Level 1.3 Stealth
 * Level 0.3 Spellcasting


You couldn't memorise any spells.
You knew the following spells:

 Your Spells              Type           Power      Damage    Failure   Level
a - Blink                 Tloc           0%         N/A       45%         2

Your spell library contained the following spells:

 Spells                   Type           Power      Damage    Failure   Level
 Manifold Assault         Tloc           0%         N/A       100%        5
 Storm Form               Tmut/Air       0%         N/A       100%        7


Dungeon Overview and Level Annotations

Branches:
Dungeon (2/15)

Altars:
Hepliaklqana

Shops:
D:2 [

Annotations:
D:2 Terence


Innate Abilities, Weirdness & Mutations

Your plain brown scales are hard. (AC +5)
You cannot fit into any form of body armour.
You are cold-blooded and may be slowed by cold attacks.


Message History

The adder hisses angrily.
The arrow hits Terence.
Terence is moderately wounded.
Fire: a) +0 shortbow
Press: ? - help, Q - select action, (/) - cycle Shift-Dir - straight line, f/p - Terence
Aim: Terence, wielding a +0 flail and wearing a +0 scale mail (lightly wounded, 65% to hit)
You shoot an arrow.
The arrow hits Terence but does no damage.
Terence is lightly wounded.
Fire: a) +0 shortbow
Press: ? - help, Q - select action, (/) - cycle Shift-Dir - straight line, f/p - Terence
Aim: Terence, wielding a +0 flail and wearing a +0 scale mail (lightly wounded, 65% to hit)
You shoot an arrow.
The arrow hits Terence but does no damage.
Terence is lightly wounded.
Terence closely misses you. Terence hits you with a +0 flail.
Fire: a) +0 shortbow
Press: ? - help, Q - select action, (/) - cycle Shift-Dir - straight line, f/p - Terence
Aim: Terence, wielding a +0 flail and wearing a +0 scale mail (lightly wounded, 65% to hit)
You shoot an arrow. The arrow barely misses Terence.
Terence hits you with a +0 flail! The adder completely misses you.
It was a potion of curing.
You feel better. The adder closely misses you.
Terence hits you with a +0 flail. Terence hits you with a +0 flail.
The adder attacks as you move away! The adder bites you but does no damage.
The adder closely misses you. Terence attacks as you move away!
Terence barely misses you. The adder attacks as you move away!
The adder bites you. The adder attacks as you move away!
The adder bites you but does no damage. The adder misses you.
You aren't carrying any potions.
Okay, then.
Terence attacks as you move away! Terence barely misses you.
The adder attacks as you move away! The adder bites you but does no damage.
The adder bites you but does no damage.
Terence shouts, "Get ready for death!"
Terence attacks as you move away! Terence hits you with a +0 flail!
* * * LOW HITPOINT WARNING * * *
Terence attacks as you move away! Terence hits you with a +0 flail.
You die...

,,,,,,,..#...............#
,,,,####.................#
##.,#....#..<............#
#...#.#.)................#
......⌠.⌠................#
..#....∩..#.............##
*,#..#⌠.⌠.##.....#.....##
....*#######.##@S#########
#.#,*######.....@# ###.#
..#.##........)).# ##...#
,......#......)>.####..#.#
....##...#..####...<#.##.#
.......##..########...##.#
.......#..##...####...##.#
.......#.##.....#...#.##.#
*#......)#........###..#.#
#.....÷..........#
##.#.####


You could see Terence and an adder.

Vanquished Creatures
  An adder (D:2)
  A dart slug (D:1)
  A ball python (D:2)
  3 endoplasms
  A giant cockroach (D:1)
  A goblin (D:2)
  A hobgoblin (D:1)
  2 jackals (D:1)
  4 kobolds (D:2)
  A quokka (D:2)
  4 frilled lizards
  4 rats
24 creatures vanquished.

Notes
Turn   | Place    | Note
-------+----------+-------------------------------------------
     0 | D:1      | SgtChris the Draconian Hunter began the quest for the Orb.
     0 | D:1      | Reached XP level 1. HP: 17/17 MP: 1/1
   105 | D:1      | Reached skill level 1 in Stealth
   138 | D:1      | Reached XP level 2. HP: 24/24 MP: 2/2
   139 | D:1      | Reached skill level 4 in Ranged Weapons
   318 | D:2      | Found Piatajow's Armour Shop.
   357 | D:2      | Reached XP level 3. HP: 26/30 MP: 3/3
   541 | D:2      | Found a hazy altar of Hepliaklqana.
   590 | D:2      | Learned a level 2 spell: Blink
   598 | D:2      | Became a worshipper of Hepliaklqana the Forgotten
   683 | D:2      | Noticed Terence
   704 | D:2      | Slain by Terence

Illustrated notes

Levels and vault maps discovered:
D:1:      zelgadis_glass_arrival_large, layout_loops_ring,
          shapermc_ecumenical_altar_flowoftime
D:2:      layout_rooms, serial_shops, shop_fountains, basic_altar,
          minmay_close_crescents, uniq_crazy_yiuf_cottage, uniq_robin,
          uniq_terence

Skill      XL: |  1  2 |
---------------+-------+-----
Stealth        | 1 |  1.3
Ranged Weapons | 4 |  4.2
Fighting       | |  2.4
Throwing       | |  0.1
Dodging        | |  1.8
Spellcasting   | |  0.3

Action                   || total
-------------------------++-------
 Fire: Shortbow          ||    82
  Use: Scroll            ||     3
       Potion            ||     1
Armor: Skin              ||    14
Dodge: Dodged            ||    43
